 Dungeon Crawl Stone Soup version 0.25-a0-516-g7d600cd9ad (webtiles) character file.

Game seed: 11987666038877114254, levelgen mode: deterministic

30 Forecaster the Magician (level 3, 0/28 HPs)
             Began as a Naga Wizard on Feb 17, 2020.
             Slain by a sky beast (3 damage)
             ... on level 2 of the Dungeon.
             The game lasted 00:07:17 (1318 turns).

Forecaster the Magician (Naga Wizard)               Turns: 1318, Time: 00:07:18

Health: 0/28       AC:  2    Str:  9    XL:     3   Next: 20%
Magic:  1/8        EV:  9    Int: 19    God:
Gold:   38         SH:  0    Dex:  9    Spells: 8/9 levels left

rFire    . . .     SeeInvis +   q - +1 whip (venom)
rCold    . . .     Gourm    .   (no shield)
rNeg     . . .     Faith    .   s - +0 leather armour
rPois    +         Spirit   .   b - +0 hat
rElec    .         Reflect  .   (no cloak)
rCorr    .         Harm     .   (no gloves)
MR       .....                  (no barding)
Stlth    ++........             (no amulet)
HPRegen  0.09/turn              (no ring)
MPRegen  0.11/turn              (no ring)

@: very slightly contaminated, very slow
A: large, see invisible, deformed body, poison resistance, slowness 2, slow
metabolism 1, spit poison 1, AC +1
a: Spit Poison


You were on level 2 of the Dungeon.
You were not hungry.

You visited 1 branch of the dungeon, and saw 2 of its levels.

You collected 38 gold pieces.

Inventory:

Hand Weapons
 h - a +0 hunting sling
 l - a +0 club
 n - a +0 short sword
 q - a +1 whip of venom (weapon)
 t - a +0 dagger
Missiles
 k - 15 bolts
 m - a stone (quivered)
 p - 42 arrows
 u - 14 poisoned darts
Armour
 a - a +0 robe
 b - a +0 hat (worn)
 s - a +0 leather armour (worn)
 w - a +0 chain mail
Scrolls
 c - 3 scrolls of teleportation {unknown}
 g - 2 scrolls of remove curse {unknown}
 i - a scroll of immolation {unknown}
 j - 2 scrolls of identify {unknown}
 r - a scroll of magic mapping {unknown}
 v - 2 scrolls of fog {unknown}
Potions
 e - 2 potions of invisibility {unknown}
 o - a potion of lignification {unknown}
Comestibles
 d - 4 rations


   Skills:
 + Level 1.9 Dodging
 + Level 3.4 Stealth
 + Level 0.1 Unarmed Combat
 + Level 3.6 Spellcasting
 + Level 1.1 Conjurations
   Level 1.0 Summonings
   Level 1.0 Translocations


You had 8 spell levels left.
You knew the following spells:

 Your Spells              Type           Power        Failure   Level  Hunger
a - Magic Dart            Conj           #...         13%         1    None

Your spell library contained the following spells:

 Spells                   Type           Power        Failure   Level  Hunger
 Blink                    Tloc           N/A          21%         2    ##.....
 Call Imp                 Summ           #.......     21%         2    ##.....
 Slow                     Hex            #.......     30%         2    ##.....
 Conjure Flame            Conj/Fire      #.......     43%         3    ###....
 Mephitic Cloud           Conj/Pois/Air  #.......     45%         3    ###....


Dungeon Overview and Level Annotations

Branches:
Dungeon (2/15)

Altars:


Innate Abilities, Weirdness & Mutations

You cannot wear boots.
Your serpentine skin is tough. (AC +1)
You have supernaturally acute eyesight. (SInv)
Armour fits poorly on your strangely shaped body.
Your system is resistant to poisons. (rPois)
You cover ground very slowly.
You have a slow metabolism.
You can spit poison.


Message History

Aim: a sky beast (lightly wounded, poisoned)
You miscast Magic Dart.
You are very lightly contaminated with residual magic.
The air around you crackles with energy!
The sky beast barely misses you.
Casting: Magic Dart (safe; 13% risk of failure)
Confirm with . or Enter, or press ? or * to list all spells.
Aiming: Magic Dart (safe; 13% risk of failure)
Press: ? - help, Shift-Dir - straight line, f/p - sky beast
Aim: a sky beast (moderately wounded, poisoned)
You miscast Magic Dart.
The air around you crackles with energy!
The sky beast closely misses you.
Casting: Magic Dart (safe; 13% risk of failure)
Confirm with . or Enter, or press ? or * to list all spells.
Aiming: Magic Dart (safe; 13% risk of failure)
Press: ? - help, Shift-Dir - straight line, f/p - sky beast
Aim: a sky beast (moderately wounded, poisoned)
You miscast Magic Dart.
Sparks fly from your hands! The sky beast hits you.
You die...

#..... ...#######.....
.............[.
..............
............###########.
............#...........
............#...........
............'...<.......
#...Y@....#..........#
########.#.......#####
#.#.#####.# ..... ...
....... ...# ##.##...#
..# #. #.... ..# ....


You could see a sky beast.

Vanquished Creatures
  A worm (D:2)
  2 dart slugs (D:1)
  2 giant cockroaches (D:1)
  4 goblins (D:1)
  2 hobgoblins (D:1)
  A ball python (D:1)
  6 bats (D:1)
  2 frilled lizards (D:1)
  A kobold (D:1)
  4 rats (D:1)
25 creatures vanquished.

Notes
Turn   | Place    | Note
-------+----------+-------------------------------------------
     0 | D:1      | Forecaster the Naga Wizard began the quest for the Orb.
     0 | D:1      | Reached XP level 1. HP: 15/15 MP: 4/4
   232 | D:1      | Reached XP level 2. HP: 20/22 MP: 1/6
   901 | D:1      | Reached XP level 3. HP: 26/28 MP: 8/8
  1308 | D:2      | Noticed a sky beast
  1318 | D:2      | Slain by a sky beast

Levels and vault maps discovered:
D:1:      psy_arrival_radial01, layout_basic
D:2:      layout_basic, nemelex_altar_shiori,
          hangedman_abyss_or_decor_lesser_grid, uniq_jessica

Action                   || total
-------------------------++-------
Melee: Unarmed           ||    12
       Whip              ||    16
       Short sword       ||     5
 Cast: Magic Dart        ||    47
 Stab: Sleeping          ||     1
Armor: Robe              ||     8
       Leather armour    ||     2
Dodge: Dodged            ||    22

Table legend:
 A = Non-vault XP
 B = Vault XP
 C = Vault XP percentage of total XP
 D = Non-vault monster count
 E = Vault monster count
 F = Vault count percentage of total count
                 A         B        C        D         E       F
            +---------+---------+-------+---------+---------+-------
      Total |      44 |       0 |   0.0 |      25 |       0 |   0.0
            +---------+---------+-------+---------+---------+-------
        D:1 |      39 |       0 |   0.0 |      24 |       0 |   0.0
        D:2 |       5 |       0 |   0.0 |       1 |       0 |   0.0
            +---------+---------+-------+---------+---------+-------
